 Dungeon Crawl Stone Soup version 0.27.1-4-g1640c2035a (webtiles) character file.

Game seed: 16774857060946960994

23 adizb the Magician (level 2, -5/20 HPs)
             Began as a Demonspawn Hedge Wizard on Nov 17, 2021.
             Slain by a gnoll (7 damage)
             ... on level 1 of the Dungeon.
             The game lasted 00:04:14 (604 turns).

adizb the Magician (Demonspawn Hedge Wizard)         Turns: 604, Time: 00:04:15

Health: -5/20      AC:  2    Str: 10    XL:     2   Next: 75%
Magic:  1/6        EV: 12    Int: 15    God:
Gold:   77         SH:  0    Dex: 12    Spells: 6/7 levels left

rFire    . . .     SeeInvis .   (no weapon)
rCold    . . .     Faith    .   (no shield)
rNeg     . . .     Spirit   .   b - +0 robe
rPois    .         Reflect  .   c - +0 hat
rElec    .         Harm     .   (no cloak)
rCorr    .         Rampage  .   (no gloves)
Will     .....                  (no boots)
Stlth    ++........             (no amulet)
HPRegen  0.06/turn              (no ring)
MPRegen  0.10/turn              (no ring)

@: no status effects
A: talons 1
a: no special abilities


You were on level 1 of the Dungeon.
You visited 1 branch of the dungeon, and saw 1 of its levels.

You collected 77 gold pieces.

Inventory:

Hand Weapons
 a - a +0 dagger
Armour
 b - a +0 robe (worn)
 c - a +0 hat (worn)
 d - a +0 plate armour


   Skills:
 + Level 0.4 Fighting
 + Level 0.6 Armour
 + Level 2.0 Dodging
 - Level 1.7 Stealth
 + Level 0.5 Unarmed Combat
 + Level 3.0 Spellcasting
 + Level 1.4 Conjurations
 - Level 1.0 Summonings
 + Level 1.1 Translocations


You had 6 spell levels left.
You knew the following spells:

 Your Spells              Type           Power      Damage    Failure   Level
a - Magic Dart            Conj           24%        1d4       11%         1

Your spell library contained the following spells:

 Spells                   Type           Power      Damage    Failure   Level
 Blink                    Tloc           N/A        N/A       19%         2
 Call Imp                 Summ           5%         N/A       21%         2
 Slow                     Hex            2%         N/A       30%         2
 Conjure Flame            Conj/Fire      4%         6-21      41%         3
 Mephitic Cloud           Conj/Pois/Air  3%         N/A       43%         3


Dungeon Overview and Level Annotations

Branches:
Dungeon (1/15)

Altars:


Innate Abilities, Weirdness & Mutations

You have sharp toenails.


Message History

You see here a +0 plate armour.
You see here a hobgoblin corpse.
You see here a +0 plate armour.
d - a +0 plate armour A ball python comes into view.
Aiming: Magic Dart (safe; 11% risk of failure)
Press: ? - help, Q - select action Shift-Dir - straight line, f - ball python
Aim: a ball python (wandering, hasn't noticed you, 100% to hit)
The magic dart hits the ball python.
You kill the ball python!
Found a stone staircase leading down.
The gnoll shouts!
Things that are here:
13 gold pieces; a ball python corpse You now have 77 gold pieces (gained 13).
Aiming: Magic Dart (safe; 11% risk of failure)
Press: ? - help, Q - select action Shift-Dir - straight line, f - gnoll
Aim: a gnoll, wielding a +0 club (100% to hit)
The magic dart hits the gnoll.
The gnoll is moderately wounded.
Aiming: Magic Dart (safe; 11% risk of failure)
Press: ? - help, Q - select action Shift-Dir - straight line, f/p - gnoll
Aim: a gnoll, wielding a +0 club (moderately wounded, 100% to hit)
The magic dart hits the gnoll.
The gnoll is heavily wounded.
You hit the gnoll but do no damage. Your kick misses the gnoll.
The gnoll is heavily wounded.
The gnoll hits you with a +0 club.
You hit the gnoll. You claw the gnoll, but do no damage.
The gnoll is heavily wounded.
The gnoll hits you with a +0 club.
You hit the gnoll.
The gnoll is severely wounded.
The gnoll hits you with a +0 club.
You closely miss the gnoll. You claw the gnoll, but do no damage.
The gnoll is severely wounded.
The gnoll hits you with a +0 club!
* * * LOW HITPOINT WARNING * * *
The gnoll hits you with a +0 club!
You die...

### ... .... .....
.....#########
.............#
##.....†.....####
.......g........###
.##>....@.........###
....#.......†.).....##
#.#..........###.....##
. #.##.......#
###....## #.. #.......#
###...## ... ....######
##...# .. #....# ##...
#.... ##.. .. ##.


You could see a gnoll.

Vanquished Creatures
  5 endoplasms (D:1)
  2 giant cockroaches (D:1)
  5 goblins (D:1)
  A hobgoblin (D:1)
  A kobold (D:1)
  A quokka (D:1)
  2 ball pythons (D:1)
  A bat (D:1)
  A frilled lizard (D:1)
19 creatures vanquished.

Notes
Turn   | Place    | Note
-------+----------+-------------------------------------------
     0 | D:1      | adizb the Demonspawn Hedge Wizard began the quest for the
                  | Orb.
     0 | D:1      | Reached XP level 1. HP: 13/13 MP: 4/4
   110 | D:1      | Reached skill level 1 in Translocations
   163 | D:1      | Gained mutation: You have sharp toenails. [demonic
                  | ancestry]
   163 | D:1      | Reached XP level 2. HP: 3/19 MP: 1/6
   604 | D:1      | Slain by a gnoll

Illustrated notes

Levels and vault maps discovered:
D:1:      wheals_arrival_linesprint, layout_basic, eino_curves_01,
          minmay_unequal

Skill      XL: |  1  2 |
---------------+-------+-----
Translocations | 1 |  1.1
Dodging        | 2 |  2.0
Fighting       | |  0.4
Armour         | |  0.6
Stealth        | |  1.7
Unarmed Combat | |  0.5
Spellcasting   | |  3.0
Conjurations   | |  1.4
Summonings     | |  1.0

Action                   || total
-------------------------++-------
Melee: Unarmed           ||    32
       Kick              ||     6
 Cast: Magic Dart        ||    35
Armor: Robe              ||     4
Dodge: Dodged            ||    17
